 Dungeon Crawl Stone Soup version 0.20-a0-1109-ge3cd172 (webtiles) character file.

738 urechis the Cleaver (level 7, 0/67 HPs)
             Began as a Hill Orc Berserker on May 5, 2017.
             Was a Priest of Trog.
             Slain by Sigmund
             ... wielding a +4 scythe of freezing
              (1 damage)
             ... on level 4 of the Dungeon.
             The game lasted 00:02:40 (3271 turns).

urechis the Cleaver (Hill Orc Berserker)            Turns: 3271, Time: 00:02:41

Health: 0/67       AC:  8    Str: 20    XL:     7   Next: 75%
Magic:  7/7        EV:  8    Int:  7    God:    Trog [***...]
Gold:   101        SH:  0    Dex: 12    Spells: 6/6 levels left

rFire    . . .     SeeInvis .   a - +0 hand axe
rCold    . . .     Gourm    .   (no shield)
rNeg     . . .     Faith    .   j - +0 chain mail
rPois    .         Spirit   .   (no helmet)
rElec    .         Reflect  .   (no cloak)
rCorr    .         Harm     .   (no gloves)
MR       .....                  (no boots)
Stlth    ..........             (no amulet)
Regen    0.3/turn               (no ring)
MPRegen  0.1/turn               (no ring)

@: no status effects
A: no striking features
a: Berserk, Trog's Hand, Burn Spellbooks, Renounce Religion


You were on level 4 of the Dungeon.
You worshipped Trog.
Trog was most pleased with you.
You were near starving.

You visited 1 branch of the dungeon, and saw 4 of its levels.

You collected 101 gold pieces.

Inventory:

Hand Weapons
 a - a +0 hand axe (weapon)
Armour
 j - a +0 chain mail (worn)
 m - a scarf of cloud immunity
Jewellery
 e - a +1 ring of protection {unknown}
 o - an uncursed amulet of faith {unknown}
Scrolls
 f - 2 scrolls of enchant weapon {unknown}
 g - 2 scrolls of identify
 i - 2 scrolls of recharging {unknown}
 q - a scroll of teleportation {unknown}
Potions
 b - a potion of cancellation
 h - 2 potions of magic {unknown}
 l - a potion of agility {unknown}
 n - a potion of resistance {unknown}
 r - 2 potions of heal wounds {unknown}
Comestibles
 c - 3 bread rations
 k - a royal jelly
 p - a meat ration


   Skills:
 + Level 7.8 Fighting
 + Level 8.7 Axes
 - Level 2.1 Armour
 - Level 1.5 Dodging


You had 6 spell levels left.
You didn't know any spells.

Dungeon Overview and Level Annotations

Branches:
Dungeon (4/15)
 Temple: D:4-7

Altars:
Hepliaklqana

Annotations:
D:4 Sigmund


Message History

* * * LOW HITPOINT WARNING * * *
Something freezes you.
* * * LOW HITPOINT WARNING * * *
You hit something but do no damage. Something hits you.
* * * LOW HITPOINT WARNING * * *
Something freezes you.
* * * LOW HITPOINT WARNING * * *
You hit something. Something hits you but does no damage.
You miss something. Something hits you!
* * * LOW HITPOINT WARNING * * *
Something freezes you.
* * * LOW HITPOINT WARNING * * *
It was a potion of cancellation.
Your magical effects are unravelling.
You feel magically purged.
You feel yourself speed up. Something hits you.
* * * LOW HITPOINT WARNING * * *
Something freezes you.
You die...

########.............#
#......#.............#
#......###.......#.###
.##......###.........#
#
........'...........#
# #......###.......#.#
#......# #.......#.#
#.#.?..[.########### #
.......@)[......
.......{........
##.#.#.....##.p. #
#.#.##.... ## # #.
..#..# # #. ...... ..
...... #. .##. . .


You could see a neutral freed slave (wandering).

Vanquished Creatures
  Pikel (D:4)
  3 slaves (D:4)
  A crimson imp (D:3)
  Jessica (D:2)
  A worker ant (D:4)
  Natasha (thrice) (D:2)
  7 adders
  2 oozes
  2 dart slugs (D:3)
  A leopard gecko (D:2)
  6 orcs
  5 ball pythons
  3 giant cockroaches
  7 goblins
  6 hobgoblins
  A quokka (D:3)
  4 bats
  7 frilled lizards
  13 kobolds
  5 rats
79 creatures vanquished.

Notes
Turn   | Place    | Note
-------+----------+-------------------------------------------
     0 | D:1      | urechis the Hill Orc Berserker began the quest for the Orb.
     0 | D:1      | Reached XP level 1. HP: 19/19 MP: 1/1
   326 | D:1      | Reached XP level 2. HP: 23/27 MP: 2/2
   657 | D:1      | Reached ** piety under Trog
   796 | D:1      | Reached XP level 3. HP: 32/34 MP: 3/3
  1192 | D:1      | Reached skill level 5 in Axes
  1202 | D:2      | Noticed Natasha
  1208 | D:2      | Killed Natasha
  1208 | D:2      | Reached XP level 4. HP: 29/41 MP: 4/4
  1314 | D:2      | Noticed Jessica
  1320 | D:2      | Killed Jessica
  1320 | D:2      | Reached skill level 5 in Fighting
  1589 | D:2      | Found a hazy altar of Hepliaklqana.
  1632 | D:2      | Reached skill level 6 in Axes
  1632 | D:2      | Reached XP level 5. HP: 46/48 MP: 5/5
  1908 | D:2      | Noticed Natasha
  1915 | D:2      | Killed Natasha
  2111 | D:2      | Noticed Natasha
  2117 | D:2      | Killed Natasha
  2601 | D:3      | Reached *** piety under Trog
  2601 | D:3      | Reached XP level 6. HP: 49/57 MP: 6/6
  2803 | D:3      | Reached skill level 7 in Axes
  3238 | D:4      | Noticed Pikel
  3238 | D:4      | Noticed a slave
  3239 | D:4      | Noticed a slave
  3240 | D:4      | Noticed a slave
  3240 | D:4      | Noticed a slave
  3241 | D:4      | Noticed Sigmund
  3252 | D:4      | Killed a slave
  3254 | D:4      | Killed a slave
  3255 | D:4      | Killed a slave
  3256 | D:4      | Killed Pikel
  3256 | D:4      | Reached skill level 8 in Axes
  3256 | D:4      | Reached XP level 7. HP: 58/67 MP: 7/7
  3270 | D:4      | HP: 2/67 [something (2)]
  3271 | D:4      | Slain by Sigmund

Vault maps used:
D:1:      minmay_arrival_five_plusses, minmay_tetromino_s4
D:2:      old_standard_altar, uniq_jessica, uniq_natasha
D:4:      vehumet_statue, lemuel_crystal_altar, uniq_sigmund, uniq_pikel

Skill      XL: |  1  2  3  4  5  6 |
---------------+-------------------+-----
Fighting       | 4 5 6 7 |  7.8
Axes           | 5 6 8 |  8.7
Armour         | |  2.1
Dodging        | |  1.5

Action                   |  1- 3 |  4- 6 |  7- 9 || total
-------------------------+-------+-------+-------++-------
Melee: Hand axe          |    94 |   191 |    13 ||   298
Invok: Berserk           |       |     2 |       ||     2
  Use: Scroll            |       |     3 |       ||     3
       Potion            |       |       |     1 ||     1
 Stab: Sleeping          |     2 |       |       ||     2
  Eat: Chunk             |     1 |     7 |       ||     8
Armor: Animal skin       |    17 |       |       ||    17
       Chain mail        |       |   111 |     3 ||   114
Dodge: Dodged            |    43 |    67 |       ||   110
